 Dungeon Crawl Stone Soup version 0.22-a0-284-g99d1f74 (webtiles) character file.

1190 Gildeon the Conjurer (level 8, -2/57 HPs)
             Began as a Demigod Conjurer on Mar 22, 2018.
             Slain by a gnoll
             ... wielding a +0 whip of electrocution
              (18 damage)
             ... on level 6 of the Dungeon.
             The game lasted 00:53:00 (7234 turns).

Gildeon the Conjurer (Demigod Conjurer)             Turns: 7234, Time: 00:53:01

Health: -2/57      AC:  7    Str: 11    XL:     8   Next: 0%
Magic:  9/19       EV: 13    Int: 21    God:
Gold:   181        SH:  0    Dex: 21    Spells: 3/17 levels left

rFire    . . .     SeeInvis .   g - +1 flail (holy)
rCold    . . .     Gourm    .   (no shield)
rNeg     . . .     Faith    .   a - +0 robe
rPois    .         Spirit   .   d - +0 helmet
rElec    .         Reflect  +   (no cloak)
rCorr    .         Harm     .   e - +2 pair of gloves {Dex+3}
MR       .....                  (no boots)
Stlth    +.........             l - +3 amulet of reflection
HPRegen  0.19/turn              h - +1 ring of protection
MPRegen  0.16/turn              m - ring of wizardry

@: confused
A: high mp 1
a: no special abilities


You were on level 6 of the Dungeon.
You were not hungry.

You visited 1 branch of the dungeon, and saw 7 of its levels.

You collected 306 gold pieces.
You spent 125 gold pieces at shops.

Inventory:

Hand Weapons
 g - a +1 flail of holy wrath (weapon)
Armour
 a - a +0 robe (worn)
 d - a +0 helmet (worn)
 e - a +2 pair of gloves of dexterity (worn)
Jewellery
 b - an uncursed ring of fire
 h - a +1 ring of protection (left hand)
 k - an uncursed ring of ice
 l - a +3 amulet of reflection (around neck)
 m - a ring of wizardry (right hand)
Scrolls
 f - 7 scrolls of identify
 i - 3 scrolls of remove curse
Potions
 j - 2 potions of cancellation
 n - a potion of ambrosia
Comestibles
 c - 13 rations
 p - 5 chunks of flesh


   Skills:
 - Level 1.7 Dodging
 - Level 1.7 Stealth
 - Level 5.0 Spellcasting
 - Level 5.1 Conjurations
 - Level 5.1 Hexes
 + Level 3.1 Translocations


You had 3 spell levels left.
You knew the following spells:

 Your Spells              Type           Power        Failure   Level  Hunger
a - Magic Dart            Conj           ####         1%          1    None
b - Searing Ray           Conj           ####..       1%          2    None
c - Dazzling Spray        Conj/Hex       ####..       1%          3    ##.....
d - Iskenderun's Mystic   Conj           ####....     5%          4    ####...
e - Force Lance           Conj/Tloc      ###.....     8%          4    ####...


Dungeon Overview and Level Annotations

Branches:
Dungeon (7/15)
 Temple: D:4-7

Shops:
D:4 *   D:5 (   D:6 *

Annotations:
D:4 Ijyb


Innate Abilities, Weirdness & Mutations

You have an increased reservoir of magic. (+10% MP)


Message History

The searing ray misses the gnoll.
The searing ray hits the gnoll.
The gnoll is heavily wounded. (Press . to maintain the ray.)
The gnoll hits you with a whip of electrocution.
The gnoll hits you but does no damage.
The searing ray hits the gnoll.
The gnoll is moderately wounded.
The gnoll hits you with a whip of electrocution.
You are electrocuted!
* * * LOW HITPOINT WARNING * * *
The gnoll barely misses you.
You feel better. The gnoll barely misses you. The gnoll closely misses you.
You are confused.
You feel invigorated.
The gnoll hits you with a whip of electrocution.
The gnoll hits you from afar with a spear!
* * * LOW HITPOINT WARNING * * *
You're too confused to move!
The gnoll hits you but does no damage.
You are electrocuted!
You die...

.♣._.♣.... ....
#.#....####..# .........
... #.#.#.## #..#
≈..♣..≈# .. #.#.#..# #..#
≈...≈≈# #. #.#.##.# #..#
##...### #g### #.#....#
#..# .#..##.# #.Zg#
#.#..######..# .#.###.# #
###g# #.#.>........#
.).###.##.# #g#
#.##.#######.#
...##...#.# #@# #.##.##
#.# ......#...# #.#
#.##..######.#
....#...########.#
#...._.......#
..#..#...........#
####.#########
###++############# #.#
........# #.# ........#
##########.#
..8##...######..........#
..#..#..'......##########


You could see 3 gnolls and a bullfrog skeleton.

Vanquished Creatures
  Edmund (D:4)
  2 ogres (D:4)
  A bullfrog (D:6)
  A gnoll sergeant (D:6)
  A scorpion (D:4)
  An electric eel (D:6)
  A crimson imp (D:6)
  An orc priest (D:3)
  A hound (D:6)
  5 orc wizards
  Jessica (D:2)
  Natasha (D:3)
  3 worker ants
  A howler monkey zombie (D:5)
  Robin (D:4)
  7 gnolls
  8 adders
  A shadow imp (D:5)
  An adder zombie (D:5)
  4 worms
  3 dart slugs (D:2)
  4 leopard geckos
  24 orcs
  4 ball pythons
  4 giant cockroaches
  11 goblins
  13 hobgoblins
  12 jackals
  6 kobolds
  3 quokkas
  6 bats
  3 frilled lizards
  2 gnoll zombies (D:4)
  A leopard gecko skeleton (D:4)
  5 rats
144 creatures vanquished.

Notes
Turn   | Place    | Note
-------+----------+-------------------------------------------
     0 | D:1      | Gildeon the Demigod Conjurer began the quest for the Orb.
     0 | D:1      | Reached XP level 1. HP: 14/14 MP: 5/5
   310 | D:1      | Reached XP level 2. HP: 20/20 MP: 6/8
   377 | D:1      | Learned a level 2 spell: Searing Ray
  1191 | D:1      | Reached XP level 3. HP: 26/26 MP: 7/10
  1215 | D:1      | Learned a level 3 spell: Dazzling Spray
  1934 | D:2      | Noticed Jessica
  1944 | D:2      | Killed Jessica
  1944 | D:2      | Reached XP level 4. HP: 33/33 MP: 9/13
  1987 | D:3      | Noticed Natasha
  2157 | D:2      | Learned a level 4 spell: Iskenderun's Mystic Blast
  2845 | D:3      | Found a glowing golden altar of the Shining One.
  3047 | D:3      | Reached XP level 5. HP: 19/38 MP: 0/15
  3258 | D:4      | Noticed Ijyb
  3331 | D:3      | Killed Natasha
  3331 | D:3      | Reached skill level 5 in Spellcasting
  3337 | D:3      | Learned a level 4 spell: Force Lance
  3682 | D:5      | Entered Level 5 of the Dungeon
  3837 | D:4      | Noticed an ogre
  3849 | D:4      | Killed an ogre
  3849 | D:4      | Reached XP level 6. HP: 21/45 MP: 4/16
  4057 | D:4      | Found a basalt altar of Yredelemnul.
  4262 | D:4      | Found Virghasay's Assorted Antiques.
  4271 | D:4      | Reached skill level 5 in Conjurations
  4309 | D:4      | Bought a blackened malachite amulet for 125 gold pieces
  4451 | D:4      | Noticed Edmund
  4469 | D:4      | Reached skill level 1 in Hexes
  4492 | D:4      | Killed Edmund
  4856 | D:4      | Noticed Robin
  4904 | D:4      | Killed Robin
  5210 | D:4      | Reached XP level 7. HP: 50/50 MP: 12/17
  5676 | D:5      | Found an iron altar of Okawaru.
  5681 | D:5      | Found Femosm's Weapon Shop.
  5942 | D:6      | Found an opulent altar of Gozag.
  6543 | D:6      | Found a snail-covered altar of Cheibriados.
  6692 | D:6      | Reached skill level 5 in Hexes
  6726 | D:6      | Found Cngogap's Commerce Corner.
  6801 | D:6      | Reached skill level 1 in Translocations
  7081 | D:6      | Found a white marble altar of Elyvilon.
  7229 | D:6      | Reached XP level 8. HP: 31/57 MP: 2/19
  7234 | D:6      | Slain by a gnoll

Vault maps used:
D:1:      dpeg_arrival_snail, minivault_4, solitary_fountain,
          serial_bayou_crossing
D:2:      hangedman_abyss_or_decor_stabs, uniq_jessica
D:3:      kennysheep_big_flooded_room, tso_metal_star, first_ration,
          uniq_natasha
D:4:      lemuel_zombie_altar_yredelemnul, serial_shops, shop, uniq_edmund,
          uniq_robin, uniq_ijyb
D:5:      lemuel_crystal_altar, serial_shops, shop
D:6:      overflow_temple_1_default, elyvilon_altar_4, bloody_makhleb,
          nicolae_gozag_seed_capital, minmay_temple_entry_mist,
          nicolae_lava_and_water, nicolae_alphabet_shops,
          kennysheep_generic_room_7, uniq_crazy_yiuf_cottage
D:7:      marbit_many_paths, lemuel_doored_altar

Skill      XL: |  1  2  3  4  5  6  7 |
---------------+----------------------+-----
Spellcasting   | 2 3 4 5 |  5.0
Conjurations   | 4 5 |  5.1
Hexes          | 3 5 |  5.1
Translocations | 3 |  3.1
Dodging        | |  1.7
Stealth        | |  1.7

Action                   |  1- 3 |  4- 6 |  7- 9 || total
-------------------------+-------+-------+-------++-------
Melee: Club              |     2 |       |       ||     2
       Morningstar       |       |    33 |    11 ||    44
       Flail             |       |       |    18 ||    18
 Cast: Magic Dart        |    76 |   166 |    79 ||   321
       Searing Ray       |     3 |    12 |    17 ||    32
       Iskenderun's Myst |       |       |     4 ||     4
       Dazzling Spray    |       |       |     1 ||     1
  Use: Scroll            |     4 |     7 |     3 ||    14
       Potion            |       |     6 |     3 ||     9
  Eat: Chunk             |     3 |     5 |     2 ||    10
       Ration            |       |     2 |     1 ||     3
Armor: Robe              |     3 |    20 |    16 ||    39
Dodge: Dodged            |    18 |    54 |    67 ||   139
Block: Other             |       |     9 |    10 ||    19
       Reflection        |       |       |     1 ||     1

Table legend:
 A = Spawn XP
 B = Non-spawn XP
 C = Spawn XP percentage of total XP
 D = Spawn monster count
 E = Non-spawn monster count
 F = Spawn count percentage of total count
 G = Total turns spent on level
                    A         B        C        D         E        F      G
               +---------+---------+-------+---------+---------+-------+---------
         Total |       0 |    1700 |   0.0 |       0 |     144 |   0.0 |  7234
               +---------+---------+-------+---------+---------+-------+---------
           D:1 |       0 |      56 |   0.0 |       0 |      24 |   0.0 |  1350
           D:2 |       0 |     112 |   0.0 |       0 |      24 |   0.0 |  1286
           D:3 |       0 |     152 |   0.0 |       0 |      25 |   0.0 |   995
           D:4 |       0 |     657 |   0.0 |       0 |      32 |   0.0 |  1807
           D:5 |       0 |     173 |   0.0 |       0 |      16 |   0.0 |   959
           D:6 |       0 |     550 |   0.0 |       0 |      23 |   0.0 |   835
               +---------+---------+-------+---------+---------+-------+---------
